 Dungeon Sprint DCSS version 0.31-a0-18-gea43df2a32 (webtiles) character file.

Game seed: 16658659947088025402

6262 sircluck the Brawler (level 10, -10/111 HPs)
             Began as a Troll Berserker on May 9, 2023.
             Was a High Priest of Trog.
             Mangled by a skyshark (13 damage)
             ... in the Dungeon (Sprint IX: "|||||||||||||||||||||||||||||").
             The game lasted 00:01:45 (502 turns).

sircluck the Brawler (Troll Berserker)               Turns: 502, Time: 00:01:46

Health: -10/111    AC:  6    Str: 34    XL:     10   Next: 62%
Magic:  9/9        EV: 15    Int:  3    God:    Trog [*****.]
Gold:   0          SH:  0    Dex:  9    Spells: 9/9 levels left

rFire   . .          .
                       - Unarmed
rCold   . . .        (no shield)
rNeg    . . .        a - +0 animal skin
rPois   .            (helmet restricted)
rElec   .            j - +1 cloak
rCorr   .            (gloves unavailable)
SInv    .            (boots unavailable)
Will    .....        (no amulet)
Stlth   +            k - +3 ring of strength
HPRegen 1.18/turn    l - +2 ring of evasion
MPRegen 0.11/turn

%: no teleportation
@: lethally poisoned (-10 -> -11)
A: large, unfitting armour, claws 3, regeneration 1, shaggy fur 1, tough skin 1
a: Renounce Religion, Berserk, Trog's Hand, Brothers in Arms


You were in the Dungeon.
You worshipped Trog.
Trog was extremely pleased with you.
You visited 1 branch

Inventory:

Armour
 a - a +0 animal skin (worn)
 j - a +1 cloak (worn)
Jewellery
 k - a +3 ring of strength (left claw)
 l - a +2 ring of evasion (right claw)
Wands
 i - a wand of quicksilver (10)
Scrolls
 g - 2 scrolls of blinking
 n - a scroll of silence
 o - a scroll of fog
 p - 3 scrolls of enchant armour
 q - 4 scrolls of enchant weapon
Potions
 b - 6 potions of curing
 c - 7 potions of heal wounds
 d - a potion of haste
 e - 4 potions of magic
 f - a potion of berserk rage
 h - a potion of invisibility
 m - a potion of might


   Skills:
 + Level 10.5 Fighting
 + Level 12.0 Dodging
 + Level 0.3 Stealth
 + Level 18.1 Unarmed Combat


You had 9 spell levels left.
You didn't know any spells.
Your spell library was empty.

Dungeon Overview and Level Annotations

Branches:
Dungeon (1/1)

Altars:
Cheibriados
Dithmenos
Elyvilon
Fedhas
Gozag
Hepliaklqana
Kikubaaqudgha
Makhleb
Nemelex Xobeh
Okawaru
Qazlal
Ru
Sif Muna
Trog
Uskayaw
Vehumet
Wu Jian
Xom
Yredelemnul
Zin
The Shining One
Jiyva
Lugonu


Innate Abilities, Weirdness & Mutations

You are too large for most types of armour.
You have claws for hands.
Your natural rate of healing is unusually fast.
You are covered in fur. (AC +1)
You have tough skin. (AC +1)


Message History

a cane toad corpse; a water moccasin corpse; a catoblepas corpse You eviscerate the rime drake!!!
You kill the rime drake!
Trog accepts your kill.
You feel sick.
A cane toad comes into view.
The cane toad croaks.
You mangle the elephant!!
The elephant is moderately wounded.
You feel sick. The elephant tramples you!
You stumble backwards!
You scratch the elephant.
The elephant is moderately wounded.
You feel sick.
Unknown command.
You eviscerate the elephant!!!
You kill the elephant!
Trog accepts your kill.
You feel sick.
Your Dodging skill increases to level 12!
Your Unarmed Combat skill increases to level 18!
You mangle the skyshark!!
The skyshark is moderately wounded.
You feel sick. The skyshark bites you.
The skyshark tastes blood and grows stronger!
The skyshark tail-slaps you. The skyshark misses you.
You scratch the skyshark but do no damage.
The skyshark is moderately wounded.
You feel sick.
You scratch the skyshark.
The skyshark is moderately wounded.
You feel sick. The skyshark closely misses you. The skyshark tail-slaps you!
* * * LOW HITPOINT WARNING * * *
The skyshark tail-slaps you but does no damage.
You scratch the skyshark.
The skyshark is moderately wounded.
The skyshark bites you!!
* * * LOW HITPOINT WARNING * * *
The skyshark enters a blood-rage!
The skyshark closely misses you. The skyshark tail-slaps you!
You die...

▓▓▓▓▓▓▓▓▓▓▓▓▓▓▓▓▓▓▓▓▓▓▓▓▓
.....FDl@......†..†)....:
▓▓▓▓▓▓▓▓▓▓▓▓▓▓▓▓▓▓▓▓▓▓▓▓▓▓▓▓▓▓▓▓▓
.................................
▓▓▓▓▓▓▓▓▓▓▓▓▓▓▓▓▓▓▓▓▓▓▓▓▓▓▓▓▓▓▓▓▓
.[.)?.'________________________'.
▓▓▓▓▓▓▓▓▓▓▓▓▓▓▓▓▓▓▓▓▓▓▓▓▓▓▓▓▓▓▓▓▓


You could see a skyshark (berserk), a five-headed hydra and a cane toad.

Vanquished Creatures
  A catoblepas (D)
  2 two-headed ogres (D)
  An ugly thing (D)
  A cyclops (D)
  2 black mambas (D)
  A black mamba (shapeshifter) (D)
  An elephant (D)
  A cane toad (D)
  A rime drake (D)
  A yaktaur (shapeshifter) (D)
  A troll (D)
  A wraith (D)
  4 yaks (D)
  A basilisk (D)
  A water moccasin (D)
  3 wolves (D)
  A centaur (D)
  2 bullfrogs (D)
  A wight (D)
  2 hounds (D)
  An adder (D)
  A worm (D)
  An orc (D)
  A bat (D)
  A giant cockroach (D)
  A ball python (D)
  A frilled lizard (D)
  A rat (D)
37 creatures vanquished.

Notes
Turn   | Place    | Note
-------+----------+-------------------------------------------
     0 | D        | sircluck the Troll Berserker began the quest for the Orb.
     0 | D        | Reached XP level 1. HP: 22/22 MP: 0/0
    10 | D        | Reached ** piety under Trog
    21 | D        | Noticed a hound
    21 | D        | Noticed a hound
    23 | D        | Reached skill level 4 in Unarmed Combat
    23 | D        | Reached XP level 2. HP: 28/31 MP: 1/1
    25 | D        | Reached *** piety under Trog
    26 | D        | Reached XP level 3. HP: 38/39 MP: 2/2
    33 | D        | Reached skill level 5 in Unarmed Combat
    39 | D        | Reached XP level 4. HP: 38/49 MP: 3/3
    54 | D        | Found a snail-covered altar of Cheibriados.
    54 | D        | Found a shadowy altar of Dithmenos.
    54 | D        | Found a white marble altar of Elyvilon.
    54 | D        | Found a blossoming altar of Fedhas.
    54 | D        | Found an opulent altar of Gozag.
    55 | D        | Found a hazy altar of Hepliaklqana.
    56 | D        | Found a viscous altar of Jiyva.
    57 | D        | Found an ancient bone altar of Kikubaaqudgha.
    58 | D        | Found a corrupted altar of Lugonu.
    59 | D        | Found a burning altar of Makhleb.
    60 | D        | Found a sparkling altar of Nemelex Xobeh.
    61 | D        | Found an iron altar of Okawaru.
    62 | D        | Found a stormy altar of Qazlal.
    63 | D        | Found a sacrificial altar of Ru.
    64 | D        | Found a shimmering blue altar of Sif Muna.
    65 | D        | Found a bloodstained altar of Trog.
    66 | D        | Found a hide-covered altar of Uskayaw.
    67 | D        | Found a radiant altar of Vehumet.
    68 | D        | Found an ornate altar of the Wu Jian Council.
    69 | D        | Found a shimmering altar of Xom.
    70 | D        | Found a basalt altar of Yredelemnul.
    71 | D        | Found a glowing silver altar of Zin.
    72 | D        | Found a glowing golden altar of the Shining One.
   106 | D        | Noticed a yak
   106 | D        | Noticed a wraith
   106 | D        | Noticed a two-headed ogre
   106 | D        | Noticed a yak
   106 | D        | Noticed a centaur
   112 | D        | Killed a centaur
   112 | D        | Reached **** piety under Trog
   113 | D        | Reached skill level 5 in Fighting
   113 | D        | Reached skill level 5 in Dodging
   113 | D        | Reached skill level 7 in Unarmed Combat
   113 | D        | Reached XP level 5. HP: 57/57 MP: 4/4
   115 | D        | Killed a yak
   116 | D        | Reached skill level 8 in Unarmed Combat
   116 | D        | Reached XP level 6. HP: 67/67 MP: 5/5
   122 | D        | Killed a two-headed ogre
   123 | D        | Reached skill level 11 in Unarmed Combat
   123 | D        | Reached XP level 7. HP: 53/79 MP: 6/6
   135 | D        | Killed a wraith
   136 | D        | Reached skill level 12 in Unarmed Combat
   136 | D        | Reached XP level 8. HP: 29/88 MP: 7/7
   139 | D        | Reached ***** piety under Trog
   192 | D        | Noticed a troll
   192 | D        | Noticed a green ugly thing
   192 | D        | Noticed a cyclops
   192 | D        | Noticed a two-headed ogre
   192 | D        | Noticed a yaktaur
   196 | D        | Killed a yaktaur
   197 | D        | Reached skill level 13 in Unarmed Combat
   199 | D        | Killed a two-headed ogre
   200 | D        | Reached skill level 14 in Unarmed Combat
   200 | D        | Reached XP level 9. HP: 98/98 MP: 8/8
   203 | D        | Killed a cyclops
   204 | D        | Reached skill level 10 in Dodging
   205 | D        | a basilisk changed into a black mamba
   205 | D        | Noticed a black mamba (shapeshifter)
   207 | D        | Killed a green ugly thing
   207 | D        | Received a gift from Trog
   208 | D        | Reached skill level 15 in Unarmed Combat
   210 | D        | Killed a troll
   214 | D        | Killed a black mamba
   394 | D        | Noticed a black mamba
   394 | D        | Noticed a black mamba
   399 | D        | Killed a black mamba
   400 | D        | Reached skill level 16 in Unarmed Combat
   405 | D        | Reached skill level 10 in Fighting
   405 | D        | Reached XP level 10. HP: 98/110 MP: 9/9
   412 | D        | Killed a black mamba
   416 | D        | Identified the +6 quarterstaff of the Eternal Warrior
                  | {flame, rElec Dex+2} (Trog gifted it to you in the Dungeon)
   416 | D        | Received a gift from Trog
   469 | D        | Noticed an elephant
   469 | D        | Noticed a cane toad
   469 | D        | Noticed a catoblepas
   470 | D        | Noticed a skyshark
   476 | D        | Killed a catoblepas
   477 | D        | Reached skill level 17 in Unarmed Combat
   480 | D        | Noticed a five-headed hydra
   491 | D        | Killed a cane toad
   495 | D        | Noticed a cane toad
   498 | D        | Killed an elephant
   499 | D        | Reached skill level 18 in Unarmed Combat
   502 | D        | HP: 3/111 [skyshark (23)]
   502 | D        | Mangled by a skyshark

Illustrated notes

Levels and vault maps discovered:
D:        linesprint [early_d, line_temple, items_1, d_10, items_2, lair_1,
          lair_end, items_3, orc_1, orc_end, items_4, d_15, swamp_1, shoals_1,
          snake_1, spider_1, d_20, vaults_1, items_5, swamp_end, shoals_end,
          snake_end, spider_end, vaults_end, d_27, items_6, zot_1, zot_end,
          crypt_end, forest_end, elf_end, slime_end, tomb_end, abyss_end,
          pan_hell_end]

Skill      XL: |  1  2  3  4  5  6  7  8  9 10 |
---------------+-------------------------------+-----
Fighting       | 3 4 5 6 7 8 9 10 | 10.5
Dodging        | 3 4 5 6 8 9 11 12 | 12.0
Unarmed Combat | 4 5 7 8 11 12 14 16 18 | 18.1
Stealth        | |  0.3

Action                     |  1- 3 |  4- 6 |  7- 9 | 10-12 || total
---------------------------+-------+-------+-------+-------++-------
  Melee: Unarmed           |    27 |    13 |    44 |    36 ||   120
         Punch             |     1 |     1 |     5 |     2 ||     9
 Invoke: Berserk           |       |     1 |     1 |       ||     2
    Use: Scroll            |       |       |       |     1 ||     1
 Armour: Animal skin       |     8 |     2 |     3 |     7 ||    20
  Dodge: Dodged            |     8 |     5 |    24 |    12 ||    49

Table legend: (Time is in decaauts)
 A = Elapsed time spent in this place.
 B = Non-inter-level travel time spent in this place.
 C = Inter-level travel time spent in this place.
 D = Time resting spent in this place.
 E = Time spent auto-exploring this place.
 F = Levels seen in this place.
 G = Mean time per level.
                   A        B        C        D        E       F      G
               +--------+--------+--------+--------+--------+-----+--------+
         Total |    503 |    503 |      0 |     59 |    236 |   1 |  503.0 |
       Dungeon |    503 |    503 |      0 |     59 |    236 |   1 |  503.0 |
               +--------+--------+--------+--------+--------+-----+--------+

Top non-repeatable levels by time:
       D: 503 daAuts
